 Dungeon Crawl Stone Soup version 0.25.1-2-g60ff931df9 (webtiles) character file.

Game seed: 1411160655407815492

35 lepoulpe303 the Ducker (level 3, -1/19 HPs)
             Began as a Spriggan Fighter on Aug 4, 2020.
             Slain by a gnoll
             ... wielding a +0 club
              (7 damage)
             ... on level 1 of the Dungeon.
             The game lasted 00:01:53 (1110 turns).

lepoulpe303 the Ducker (Spriggan Fighter)           Turns: 1110, Time: 00:01:54

Health: -1/19      AC:  2    Str: 13    XL:     3   Next: 17%
Magic:  4/4        EV: 19    Int:  9    God:
Gold:   57         SH:  6    Dex: 15    Spells: 2/2 levels left

rFire    . . .     SeeInvis +   a - +0 rapier
rCold    . . .     Gourm    .   c - +0 buckler
rNeg     . . .     Faith    .   b - +0 robe
rPois    .         Spirit   .   (helmet restricted)
rElec    .         Reflect  .   (no cloak)
rCorr    .         Harm     .   (gloves unavailable)
MR       .....                  (boots unavailable)
Stlth    ++........             (no amulet)
HPRegen  0.06/turn              (no ring)
MPRegen  0.09/turn              (no ring)

@: very quick
A: very small, unfitting armour, see invisible, herbivore, speed 3, slow
metabolism 2
a: no special abilities


You were on level 1 of the Dungeon.
You were not hungry.

You visited 1 branch of the dungeon, and saw 2 of its levels.

You collected 57 gold pieces.

Inventory:

Hand Weapons
 a - a +0 rapier (weapon)
Armour
 b - a +0 robe (worn)
 c - a +0 buckler (worn)
Jewellery
 g - an uncursed ring of protection from cold {unknown}
Scrolls
 i - 2 scrolls of identify {unknown}
 j - a scroll of remove curse {unknown}
Potions
 d - 2 potions of might
 f - a potion of curing {unknown}
 h - a potion of flight {unknown}
Comestibles
 e - 4 rations


   Skills:
 * Level 2.7 Fighting
 * Level 2.6 Short Blades
 + Level 4.6 Dodging
 * Level 1.9 Stealth
 * Level 2.4 Shields


You had 2 spell levels left.
You didn't know any spells.
Your spell library was empty.

Dungeon Overview and Level Annotations

Branches:
Dungeon (2/15)

Altars:


Innate Abilities, Weirdness & Mutations

You are very small and have problems with some larger weapons.
You are too small for most types of armour.
You have supernaturally acute eyesight. (SInv)
You are a herbivore.
You cover ground extremely quickly.
You need to consume almost no food.


Message History

The gnoll misses you.
There is a stone staircase leading up here.
You see here 2 throwing nets {=f}.
You closely miss the gnoll.
The gnoll hits you from afar with a +0 halberd!
* * * LOW HITPOINT WARNING * * *
The gnoll barely misses you.
You take 9 damage, and have 10/19 hp.
MASSIVE DAMAGE!!
The gnoll barely misses you. You block the gnoll's attack.
The gnoll hits you from afar with a +0 halberd.
* * * LOW HITPOINT WARNING * * *
You climb upwards.
There is a stone staircase leading down here.
You take 4 damage, and have 6/19 hp.
MASSIVE DAMAGE!!
You barely miss the gnoll. The gnoll misses you. You block the gnoll's attack.
You hit the gnoll. You block the gnoll's attack.
The gnoll hits you with a +0 club!
You die...

######...........#
##.#######
##.........#.# #.#
# ##.........##.#
#.# #
##.###.....###.#
#.## # ##.##
##...^# #.# #..# #
#..# #..#.# #.#
##.# # #..##
##.##.# #.# #.# #
##.#.###.###.# #g#
#.# # ...##...##
#.# #@# #.# #
######.## #.# #g#
#.# # ######.# #.#
#.# #.# # .......#
#.# #.# #.######
..###### #.#
#.###### #......†
...# #.# #..†...#
######## ..## #.#
######.# .)#
#.########.# #.#
#..........#


You could see 2 gnolls.

Levels and vault maps discovered:
D:1:      saegor_arrival_simple_c, layout_loops_ring, corexii_hall_statues_i
D:2:      layout_rooms, first_ration, uniq_crazy_yiuf_cottage

Notes
Turn   | Place    | Note
-------+----------+-------------------------------------------
     0 | D:1      | lepoulpe303 the Spriggan Fighter began the quest for the
                  | Orb.
     0 | D:1      | Reached XP level 1. HP: 11/11 MP: 2/2
   187 | D:1      | Identified a +0 club
   202 | D:1      | Reached skill level 1 in Stealth
   202 | D:1      | Reached XP level 2. HP: 16/16 MP: 3/3
   276 | D:1      | Identified a +0 club
   313 | D:1      | Identified a +0 dagger
   868 | D:1      | Reached XP level 3. HP: 18/19 MP: 4/4
  1026 | D:2      | Identified a +0 dagger
  1029 | D:2      | Identified a +0 club
  1102 | D:2      | Identified a +0 halberd
  1110 | D:1      | Slain by a gnoll

Table legend:
 A = Turns spent in this place as a percentage of turns spent in the entire game.
 B = Non-inter-level travel turns spent in this place as a percentage of non-inter-level travel turns spent in the entire game.
 C = Inter-level travel turns spent in this place as a percentage of turns spent in this place.
 D = Turns resting spent in this place as a percentage of non-inter-level travel turns spent in this place.
 E = Turns spent auto-exploring this place as a percentage of non-inter-level travel turns spent in this place.
 F = Non-inter-level travel turns spent in this place divided by the number of levels of this place that you've seen.
                   A       B       C       D       E      F
               +-------+-------+-------+-------+-------+----------------------
         Total | 100.0 | 100.0 |   1.4 |  29.7 |  56.7 | 547.0
       Dungeon | 100.0 | 100.0 |   1.4 |  29.7 |  56.7 | 547.0
               +-------+-------+-------+-------+-------+----------------------

Table legend:
 A = Kills in this place as a percentage of kills in entire the game.
 B = Kills by you in this place as a percentage of kills by you in the entire game.
 C = Kills by friends in this place as a percentage of kills by friends in the entire game.
 D = Other kills in this place as a percentage of other kills in the entire game.
 E = Experience gained in this place as a percentage of experience gained in the entire game.
 F = Experience gained in this place divided by the number of levels of this place that you have seen.
                   A       B       C       D       E      F
               +-------+-------+-------+-------+-------+----------------------
         Total | 100.0 | 100.0 |   N/A |   N/A | 100.0 |  25.5
       Dungeon | 100.0 | 100.0 |   N/A |   N/A | 100.0 |  25.5
               +-------+-------+-------+-------+-------+----------------------

Skill      XL: |  1 |
---------------+----+-----
Stealth        | 1 |  1.9
Fighting       | |  2.7
Short Blades   | |  2.6
Dodging        | |  4.6
Shields        | |  2.4

Action                   || total
-------------------------++-------
Melee: Rapier            ||    61
 Stab: Sleeping          ||     3
       Distracted        ||     1
Armor: Robe              ||     3
Dodge: Dodged            ||    36
Block: Buckler           ||    17

Vanquished Creatures
  A gnoll (D:1)
  An ooze (D:1)
  A worm (D:1)
  2 leopard geckos (D:1)
  A bat (D:1)
  2 giant cockroaches (D:1)
  2 goblins (D:1)
  4 kobolds
  A rat (D:1)
15 creatures vanquished.
